 Dungeon Crawl Stone Soup version 0.25-a0-651-g8c222c7a2b (webtiles) character file.

Game seed: 11025069301335725433, levelgen mode: deterministic

13199 Kohma the Grappler (level 11, -6/109 HPs)
             Began as a Troll Artificer on Mar 22, 2020.
             Was a High Priest of Cheibriados.
             Mangled by a komodo dragon (24 damage)
             ... on level 1 of the Lair of Beasts.
             The game lasted 00:42:03 (9609 turns).

Kohma the Grappler (Troll Artificer)                Turns: 9609, Time: 00:42:04

Health: -6/109     AC: 13    Str: 34    XL:     11   Next: 72%
Magic:  9/13       EV: 10    Int: 20    God:    Cheibriados [*****.]
Gold:   550        SH:  0    Dex: 21    Spells: 11/15 levels left

rFire    + . .     SeeInvis .     - Unarmed
rCold    . . .     Gourm    +   (no shield)
rNeg     . . .     Faith    .   G - +2 swamp dragon scales
rPois    +         Spirit   .   (helmet restricted)
rElec    .         Reflect  .   (no cloak)
rCorr    .         Harm     .   (gloves unavailable)
MR       .....                  (boots unavailable)
Stlth    +++.......             (no amulet)
HPRegen  0.68/turn              C - ring of protection from fire
MPRegen  0.13/turn              i - ring of wizardry

@: lethally poisoned (-6 -> -10), about to teleport, very slow
A: large, unfitting armour, claws 3, fast metabolism 3, gourmand, regeneration
1, shaggy fur 1, tough skin 3
a: Bend Time, Temporal Distortion, Slouch, Step From Time, Renounce Religion


You were on level 1 of the Lair of Beasts.
You worshipped Cheibriados.
Cheibriados was extremely pleased with you.
You were full.

You visited 3 branches of the dungeon, and saw 13 of its levels.

You collected 550 gold pieces.

Inventory:

Hand Weapons
 B - a +0 giant spiked club
Missiles
 b - a throwing net
 h - 375 stones
 k - 49 poisoned darts (quivered)
Armour
 z - a +2 robe of magic resistance
 G - +2 swamp dragon scales (worn)
 I - a +0 troll leather armour
Jewellery
 i - a ring of wizardry (right claw)
 u - an uncursed ring of flight
 v - a +4 ring of dexterity
 w - an uncursed ring of positive energy
 C - a ring of protection from fire (left claw)
 F - the ring of the Scarab {rPois rC+ Int-2 Slay-3}
   (You found it on level 6 of the Dungeon)

   [ring of slaying]

   It affects your intelligence (-2).
   It affects your accuracy and damage with ranged weapons and melee attacks
   (-3).
   It protects you from cold.
   It protects you from poison.
 J - an uncursed ring of stealth
Wands
 c - a wand of flame (4)
 d - a wand of enslavement (15)
 e - a wand of paralysis (8)
 t - a wand of disintegration (10)
Scrolls
 a - 2 scrolls of teleportation
 g - 2 scrolls of enchant armour
 l - 5 scrolls of remove curse
 m - a scroll of immolation
 o - 2 scrolls of fog
 q - a scroll of magic mapping
 r - a scroll of fear {unknown}
 y - a scroll of blinking {unknown}
Potions
 j - a potion of brilliance
 p - 2 potions of curing
 s - a potion of flight
 E - a potion of ambrosia {unknown}
 H - 3 potions of lignification
Comestibles
 f - 22 rations


   Skills:
 + Level 7.3 Fighting
   Level 0.7 Short Blades
 - Level 5.0 Throwing
 - Level 1.5 Dodging
 - Level 5.0 Stealth
 - Level 10.4 Unarmed Combat
 + Level 2.5 Spellcasting
 + Level 2.6 Summonings
 + Level 2.4 Air Magic
 - Level 5.0 Evocations


You had 11 spell levels left.
You knew the following spells:

 Your Spells              Type           Power        Failure   Level  Hunger
a - Summon Lightning Spi  Summ/Air       ##......     26%         4    ####...

Your spell library contained the following spells:

 Spells                   Type           Power        Failure   Level  Hunger
 Summon Small Mammal      Summ           ##..         2%          1    None
 Shock                    Conj/Air       #...         4%          1    None
 Call Imp                 Summ           ##......     4%          2    ##.....
 Swiftness                Chrm/Air       #.......     8%          2    ##.....
 Animate Skeleton         Necr           N/A          9%          1    None
 Apportation              Tloc           #.....       9%          1    None
 Corona                   Hex            #......      9%          1    None
 Call Canine Familiar     Summ           ##......     9%          3    ###....
 Summon Guardian Golem    Hex/Summ       #.......     14%         3    ###....
 Static Discharge         Conj/Air       #.......     16%         3    ###....
 Airstrike                Air            ##........   28%         4    ####...
 Summon Ice Beast         Ice/Summ       #.......     41%         4    ####...
 Lightning Bolt           Conj/Air       #.........   77%         5    ######.


Dungeon Overview and Level Annotations

Branches:
Dungeon (11/15)            Temple (1/1) D:7            Lair (1/6) D:11
    Orc (0/2) D:9

Altars:
Ashenzari
Cheibriados
Elyvilon
Fedhas
Gozag
Hepliaklqana
Kikubaaqudgha
Makhleb
Nemelex Xobeh
Okawaru
Qazlal
Ru
Sif Muna
Trog
Uskayaw
Vehumet
Wu Jian
Xom
Yredelemnul
Zin
The Shining One

Annotations:
Lair:1 Erica


Innate Abilities, Weirdness & Mutations

You are too large for most types of armour.
You have claws for hands.
Your metabolism is lightning-fast.
You like to eat raw meat.
Your natural rate of healing is unusually fast.
You are covered in fur. (AC +1)
You have extremely tough skin. (AC +3)


Message History

Erica the Fiery-Tempered comes into view.
She is wielding a +3 scimitar of flaming and wearing a +2 robe of cold resistance.
The helpless komodo dragon fails to defend itself.
You eviscerate the komodo dragon!!!
You kill the komodo dragon!
A komodo dragon comes into view.
A komodo dragon comes into view.
A spiny frog comes into view.
The sentinel's mark upon you fades away.
The blink frog blinks!
As you read the scroll of teleportation, it crumbles to dust.
You feel strangely unstable.
A yak comes into view.
You feel better.
The blink frog blinks!
The spiny frog barely misses you.
You eviscerate the blink frog!!!
You kill the blink frog!
Cheibriados thoroughly appreciates the change of pace.
The spiny frog stings you.
* * * LOW HITPOINT WARNING * * *
You are poisoned.
The spiny frog poisons you! The komodo dragon bites you!!
You die...

.@..............
................ ≈
...§..........).
≈≈≈≈.................
≈≈≈≈... ..†. .......
≈≈≈≈.#.####†##....#?.
.≈≈≈≈..†.....†.......
≈≈≈≈........§#....#..
≈≈≈≈≈....F@..#....#
≈≈≈≈.....ll.......#
≈#..<.....#....+
#........#....#
##.#.+#.##......
................
..................
...................
................


You could see 2 komodo dragons and a spiny frog.

Vanquished Creatures
  2 two-headed ogres (D:9)
  3 death yaks (D:11)
  Pikel (D:8)
  Joseph (D:8)
  2 gargoyles
  Psyche (D:8)
  Maggie (D:6)
  2 komodo dragons (Lair:1)
  A troll (D:10)
  A meliai zombie (D:10)
  5 blink frogs (Lair:1)
  4 wraiths
  Sigmund (D:2)
  A wyvern (D:10)
  5 yaks (D:11)
  Grum (D:9)
  Menkaure (D:5)
  Duvessa (D:6)
  A porcupine (Lair:1)
  A slave (D:8)
  An orc warrior (D:7)
  A sky beast (D:11)
  A necrophage (D:10)
  2 ice beasts
  3 ogres
  4 wolves
  2 centaurs
  A crocodile (D:9)
  A big kobold (D:9)
  8 bullfrogs
  Dowan (D:6)
  A water moccasin skeleton (D:4)
  4 wights
  5 killer bees (D:8)
  2 howler monkeys
  A bullfrog zombie (D:7)
  A centaur zombie (D:5)
  7 crimson imps
  A jelly (D:7)
  2 hounds
  6 human zombies (D:8)
  4 bullfrog skeletons
  6 orc priests
  13 orc wizards
  A centaur skeleton (D:8)
  An iron imp (D:7)
  2 human skeletons (D:8)
  3 iguanas
  7 worker ants
  An ogre zombie (D:8)
  A hound zombie (D:8)
  A hound skeleton (D:11)
  Robin (D:2)
  6 adders
  4 gnolls
  A howler monkey skeleton (D:11)
  2 shadow imps
  2 oozes
  An adder zombie (D:5)
  2 adder skeletons
  2 worms
  3 dart slugs (D:1)
  3 leopard geckos
  47 orcs
  3 ball pythons
  6 giant cockroaches
  20 goblins
  12 hobgoblins
  18 jackals
  6 quokkas
  9 bats
  11 frilled lizards
  A giant cockroach zombie (D:5)
  A jackal skeleton (D:4)
  14 kobolds
  A leopard gecko skeleton (D:8)
  10 rats
  A spectral orc (D:8)
318 creatures vanquished.

Vanquished Creatures (others)
  3 slaves (D:8)
  A sky beast (D:8)
  A killer bee (D:8)
5 creatures vanquished.

Grand Total: 323 creatures vanquished

Notes
Turn   | Place    | Note
-------+----------+-------------------------------------------
     0 | D:1      | Kohma the Troll Artificer began the quest for the Orb.
     0 | D:1      | Reached XP level 1. HP: 18/18 MP: 1/1
    68 | D:1      | Reached skill level 1 in Unarmed Combat
   116 | D:1      | Reached XP level 2. HP: 24/26 MP: 2/2
   180 | D:1      | Reached skill level 2 in Unarmed Combat
   609 | D:1      | Reached XP level 3. HP: 32/32 MP: 3/3
   817 | D:2      | Reached skill level 3 in Unarmed Combat
  1361 | D:2      | Noticed Robin
  1397 | D:2      | Reached XP level 4. HP: 40/40 MP: 4/4
  1402 | D:2      | Killed Robin
  1495 | D:2      | Reached skill level 4 in Unarmed Combat
  1812 | D:2      | Noticed Sigmund
  1828 | D:2      | Killed Sigmund
  1828 | D:2      | Reached skill level 5 in Unarmed Combat
  1828 | D:2      | Reached XP level 5. HP: 35/46 MP: 5/5
  2290 | D:3      | Reached XP level 6. HP: 54/54 MP: 6/6
  2369 | D:3      | Reached skill level 6 in Unarmed Combat
  2524 | D:3      | Found a burning altar of Makhleb.
  3363 | D:5      | Entered Level 5 of the Dungeon
  3413 | D:5      | Reached skill level 7 in Unarmed Combat
  3481 | D:5      | Reached XP level 7. HP: 59/61 MP: 7/7
  3503 | D:5      | Found a shimmering blue altar of Sif Muna.
  3580 | D:5      | Noticed Menkaure
  3584 | D:5      | Killed Menkaure
  3584 | D:5      | Reached skill level 8 in Unarmed Combat
  4048 | D:5      | Reached skill level 9 in Unarmed Combat
  4191 | D:6      | Reached XP level 8. HP: 63/68 MP: 8/8
  4299 | D:6      | Got a faintly glowing glass ring
  4301 | D:6      | Identified the cursed ring of the Scarab {rPois rC+ Int-2
                  | Slay-3} (You found it on level 6 of the Dungeon)
  4352 | D:6      | Noticed Maggie
  4380 | D:6      | Killed Maggie
  4380 | D:6      | Reached skill level 10 in Unarmed Combat
  4550 | D:6      | Reached skill level 1 in Fighting
  4561 | D:6      | Reached skill level 1 in Throwing
  4735 | D:6      | Noticed Dowan
  4736 | D:6      | Noticed Duvessa
  4745 | D:6      | Killed Duvessa
  4745 | D:6      | Reached skill level 1 in Stealth
  4747 | D:6      | Killed Dowan
  5010 | D:7      | Found a snail-covered altar of Cheibriados.
  5028 | D:7      | Became a worshipper of Cheibriados the Contemplative
  5241 | D:7      | Reached XP level 9. HP: 53/80 MP: 9/9
  5300 | D:7      | Found a staircase to the Ecumenical Temple.
  5311 | D:7      | Found a white marble altar of Elyvilon.
  5494 | Temple   | Entered the Ecumenical Temple
  5801 | D:8      | Noticed a gargoyle
  5812 | D:8      | Noticed Pikel
  5818 | D:8      | Reached * piety under Cheibriados
  5848 | D:8      | Killed Pikel
  5956 | D:8      | Killed a gargoyle
  6040 | D:8      | Found a basalt altar of Yredelemnul.
  6081 | D:8      | Noticed Joseph
  6087 | D:8      | Paralysed by Joseph for 2 turns
  6092 | D:8      | Killed Joseph
  6178 | D:8      | Reached skill level 5 in Throwing
  6210 | D:8      | Noticed Psyche
  6367 | D:9      | Reached ** piety under Cheibriados
  6466 | D:9      | Noticed Grum
  6467 | D:9      | Reached skill level 5 in Fighting
  6467 | D:9      | Reached XP level 10. HP: 96/96 MP: 9/11
  6484 | D:9      | Killed Grum
  6745 | D:9      | Found a glowing silver altar of Zin.
  6750 | D:9      | Found a shimmering altar of Xom.
  6766 | D:8      | Killed Psyche
  7164 | D:8      | Found a basalt altar of Yredelemnul.
  7415 | D:9      | Reached *** piety under Cheibriados
  7447 | D:9      | Found a staircase to the Orcish Mines.
  7596 | D:9      | Noticed a two-headed ogre
  7604 | D:9      | Killed a two-headed ogre
  7981 | D:9      | Reached **** piety under Cheibriados
  7985 | D:9      | Learned a level 4 spell: Summon Lightning Spire
  8078 | D:9      | Noticed a two-headed ogre
  8084 | D:9      | Killed a two-headed ogre
  8138 | D:9      | Found an opulent altar of Gozag.
  8138 | D:9      | Found a bloodstained altar of Trog.
  8326 | D:10     | Entered Level 10 of the Dungeon
  8355 | D:10     | Noticed a gargoyle
  8360 | D:10     | Killed a gargoyle
  8516 | D:10     | Reached XP level 11. HP: 83/107 MP: 13/13
  8572 | D:10     | Reached skill level 5 in Evocations
  9012 | D:11     | Noticed a death yak
  9017 | D:11     | Noticed a death yak
  9019 | D:11     | Noticed a death yak
  9023 | D:11     | Killed a death yak
  9023 | D:11     | Reached skill level 1 in Summonings
  9023 | D:11     | Reached skill level 1 in Air Magic
  9045 | D:11     | Killed a death yak
  9045 | D:11     | Reached skill level 1 in Spellcasting
  9077 | D:11     | Killed a death yak
  9190 | D:11     | Found a staircase to the Lair.
  9248 | D:11     | Reached ***** piety under Cheibriados
  9572 | Lair:1   | Entered Level 1 of the Lair of Beasts
  9585 | Lair:1   | Reached skill level 5 in Stealth
  9603 | Lair:1   | Noticed Erica
  9609 | Lair:1   | Mangled by a komodo dragon

Levels and vault maps discovered:
D:1:      dpeg_arrival_rhombus, layout_loops_ring,
          chequers_serial_rivers_small_a
D:2:      layout_loops_corners, kennysheep_nondescript, uniq_robin, uniq_sigmund
D:3:      layout_loops_ring, makhleb_grotto_becter, first_ration,
          minmay_pentomino_pile
D:4:      layout_rooms, st_stairs_6, chequers_serial_rivers_large_b
D:5:      layout_loops_ring, kennysheep_mini_moat, uniq_menkaure
D:6:      layout_loops_cross, ebering_dispersal_statue_hall, uniq_duvessa,
          uniq_maggie
D:7:      layout_cave_pools, slow_altar_1, minmay_temple_entry_mini_moons,
          basic_altar
D:8:      layout_loops_ring, yredelemnul_forgotten_temple_becter,
          lemuel_mausoleum_altar_yredelemnul, uniq_joseph, uniq_psyche,
          uniq_pikel
D:9:      layout_gridville, nicolae_overflow_hidden_temple, hiddenorc2_lemuel,
          uniq_grum
D:10:     lemuel_upstairs_altar, layout_basic, serial_glass, glass_columns_b,
          glass_columns_b, glass_columns_a, glass_columns_c, glass_columns_a,
          glass_columns_c, glass_columns_c, glass_columns_a
D:11:     layout_long_grid, dpeg_lair_monsters, hangedman_little_slice_of_home
Temple:   nicolae_temple_figure_eight
Lair:1:   layout_regular_city, beast_lair_carwin_6, infiniplex_staircase_pool_2,
          uniq_erica

Skill      XL: |  1  2  3  4  5  6  7  8  9 10 11 |
---------------+----------------------------------+-----
Unarmed Combat | 1 2 3 5 7 9 10 | 10.4
Fighting       | 2 5 6 7 |  7.3
Throwing       | 2 5 |  5.0
Stealth        | 1 3 4 5 |  5.0
Evocations     | 4 5 |  5.0
Summonings     | 2 |  2.6
Air Magic      | 2 |  2.4
Spellcasting   | 2 |  2.5
Short Blades   | |  0.7
Dodging        | |  1.5

Action                   |  1- 3 |  4- 6 |  7- 9 | 10-12 || total
-------------------------+-------+-------+-------+-------++-------
Melee: Unarmed           |   164 |   157 |   317 |   283 ||   921
       Punch             |       |     6 |     9 |    26 ||    41
Throw: Dart              |       |       |       |    91 ||    91
       Stone             |       |       |       |     4 ||     4
Invok: Slouch            |       |       |       |     1 ||     1
Evoke: Wand              |       |     2 |     9 |     3 ||    14
  Use: Scroll            |       |    12 |     5 |     4 ||    21
       Potion            |       |       |       |     6 ||     6
 Stab: Sleeping          |     2 |     1 |     3 |    17 ||    23
       Paralysed         |       |       |       |     6 ||     6
       Distracted        |       |       |       |     1 ||     1
       Invisible         |       |       |       |     2 ||     2
  Eat: Chunk             |    18 |    16 |    30 |    16 ||    80
Armor: Robe              |    81 |    49 |    24 |       ||   154
       Swamp dragon scal |       |       |   108 |   139 ||   247
Dodge: Dodged            |    86 |    62 |   115 |    93 ||   356

Table legend:
 A = Non-vault XP
 B = Vault XP
 C = Vault XP percentage of total XP
 D = Non-vault monster count
 E = Vault monster count
 F = Vault count percentage of total count
                 A         B        C        D         E       F
            +---------+---------+-------+---------+---------+-------
      Total |   10748 |    8108 |  43.0 |     233 |      85 |  26.7
            +---------+---------+-------+---------+---------+-------
        D:1 |      49 |       0 |   0.0 |      27 |       0 |   0.0
        D:2 |      56 |     241 |  81.1 |      26 |      13 |  33.3
        D:3 |      46 |      60 |  56.6 |      20 |       5 |  20.0
        D:4 |      90 |       6 |   6.2 |      11 |       2 |  15.4
        D:5 |     638 |     183 |  22.3 |      22 |       1 |   4.3
        D:6 |     564 |     584 |  50.9 |      21 |       3 |  12.5
        D:7 |     496 |      39 |   7.3 |      23 |       1 |   4.2
        D:8 |    1549 |    2311 |  59.9 |      24 |      16 |  40.0
        D:9 |    2270 |     962 |  29.8 |      21 |      35 |  62.5
       D:10 |    2461 |       0 |   0.0 |      23 |       0 |   0.0
       D:11 |     176 |    3611 |  95.4 |       5 |       8 |  61.5
     Lair:1 |    2353 |     111 |   4.5 |      10 |       1 |   9.1
            +---------+---------+-------+---------+---------+-------
